 Seeded DCSS version 0.28.0-43-g3370ac3207 (webtiles) character file.

Game seed: 3182917763268536191 (custom seed)

1022 Kazon the Vandal (level 8, -9/66 HPs)
             Began as a Minotaur Hunter on Mar 2, 2022.
             Was a Follower of the Shining One.
             Mangled by an orc warrior
             ... wielding a +0 glaive
              (22 damage)
             ... on level 6 of the Dungeon.
             The game lasted 00:20:23 (4721 turns).

Kazon the Vandal (Minotaur Hunter)                  Turns: 4721, Time: 00:20:23

Health: -9/66      AC: 11    Str: 24    XL:     8   Next: 2%
Magic:  5/8        EV: 11    Int:  8    God:    the Shining One [*.....]
Gold:   315        SH:  6    Dex: 12    Spells: 7/7 levels left

rFire   . . .      SeeInvis .   s - +6 falchion of Floods {elec, rN++}
rCold   . . .      Faith    .   (no shield)
rNeg    + + .      Spirit   .   y - +0 scale mail
rPois   .          Reflect  .   (helmet restricted)
rElec   .          Harm     .   C - +0 cloak
rCorr   .          Rampage  .   E - +2 pair of gloves
Will    .....                   (no boots)
Stlth   ..........              (no amulet)
HPRegen 0.21/turn               j - +6 ring of strength
MPRegen 0.11/turn               B - ring of flight

@: divinely shielded, flying, glowing
A: horns 2, retaliatory headbutt
a: Renounce Religion, Divine Shield


You were on level 6 of the Dungeon.
You worshipped the Shining One.
The Shining One was aware of your devotion.
You visited 2 branches of the dungeon, and saw 7 of its levels.

You collected 315 gold pieces.

Inventory:

Hand Weapons
 e - a +0 short sword
 q - a +2 whip of venom
 s - the +6 falchion of Floods (weapon) {elec, rN++}
   (You found it on level 4 of the Dungeon)

   It occasionally discharges a powerful burst of electricity upon striking a
   foe.
   rN:        It greatly protects you from negative energy.
 w - a +1 hunting sling
Missiles
 d - 75 sling bullets
 i - 2 throwing nets
 o - 7 poisoned darts
 r - 147 stones (quivered)
Armour
 c - a +0 leather armour
 y - a +0 scale mail (worn)
 C - a +0 cloak (worn)
 E - a +2 pair of gloves (worn)
Jewellery
 j - a +6 ring of strength (left hand)
 k - a ring of magical power
 B - a ring of flight (right hand)
Scrolls
 b - a scroll of fear {unknown}
 g - a scroll of magic mapping {unknown}
 h - 2 scrolls of enchant weapon {unknown}
 l - a scroll of silence {unknown}
 p - 2 scrolls of fog {unknown}
 u - a scroll of enchant armour {unknown}
 A - 7 scrolls of identify {unknown}
 F - a scroll of teleportation {unknown}
 G - 3 scrolls of noise {unknown}
Potions
 a - a potion of curing {unknown}
 f - 2 potions of haste {unknown}
 m - 2 potions of might {unknown}
 n - 2 potions of mutation {unknown}
 t - a potion of lignification {unknown}
 v - a potion of flight {unknown}
 x - a potion of magic {unknown}
 z - a potion of degeneration {unknown}
 D - a potion of resistance {unknown}


   Skills:
 + Level 4.3 Fighting
 + Level 2.9(3.6) Short Blades
 + Level 3.4(4.0) Long Blades
 + Level 2.9 Maces & Flails
 + Level 6.8(7.0) Slings
 + Level 1.7(4.3) Throwing
 + Level 3.1 Armour
 + Level 3.3 Dodging
 - Level 1.8 Stealth
 * Level 1.9 Invocations


You had 7 spell levels left.
You didn't know any spells.
Your spell library was empty.

Dungeon Overview and Level Annotations

Branches:
Dungeon (6/15)             Temple (1/1) D:4

Altars:
Dithmenos
Wu Jian
Xom
The Shining One

Shops:
D:4 =


Innate Abilities, Weirdness & Mutations

You have a pair of horns on your head.
You reflexively headbutt those who attack you in melee.


Message History

You kill the orc wizard!
The orc warrior completely misses you.
You bump into the rock wall.
You feel less confused.
The orc priest invokes the aid of Beogh against you.
Beogh smites you!
The orc warrior hits you but does no damage.
You slash the orc priest!
The orc priest is heavily wounded.
The orc priest hits you with a +0 war axe.
The orc warrior closely misses you. The orc priest closely misses you.
You furiously retaliate!
You headbutt the orc priest!
You kill the orc priest!
The Shining One accepts your kill.
You feel better.
You have reached level 8!
You feel agile.
The orc warrior hits you with a +0 glaive!!
Things that are here:
a +0 war axe; a +0 hand axe The jelly quivers.
You hit the orc warrior.
The orc warrior is lightly wounded.
A centaur zombie comes into view.
The orc warrior hits you with a +0 glaive!
* * * LOW HITPOINT WARNING * * *
You slash the orc warrior!
The orc warrior is moderately wounded.
The orc warrior closely misses you.
You barely miss the orc warrior.
You headbutt the orc warrior, but do no damage.
The orc warrior is moderately wounded.
The orc warrior hits you with a +0 glaive!
* * * LOW HITPOINT WARNING * * *
The orc warrior closely misses you.
The orc warrior hits you but does no damage.
There is an open door here.
A divine shield forms around you!
The orc warrior hits you from afar with a +0 glaive!!
You die...

...............#
#o.............# .#
..#########'#### #.# ###
...........<..# #.# #<#
#############.# #.# #.#
......#######+## #.######.#
###.#.##.......# #####........#
...............####............#
....###'###...o'@.'......>.....#
#...#.....#....####............#
#...#.....#..### #............#
..#.#.._..#..# #............#
#.#.#.....#..# #............#
#.#.#.....#..# #............#
#.#######..# #............#
#..........# ##############
..........#.#


You could see an orc warrior.

Vanquished Creatures
  Menkaure (D:4)
  Edmund (D:4)
  2 ogres
  A scorpion (D:3)
  A wyvern skeleton (D:6)
  A hound (D:6)
  4 orc priests
  An iguana (D:4)
  2 bullfrog skeletons (D:5)
  Natasha (D:2)
  2 orc wizards
  A killer bee zombie (D:6)
  6 adders
  An ufetubus (D:4)
  3 worms
  4 dart slugs
  8 orcs
  9 endoplasms
  5 giant cockroaches
  3 goblins
  10 hobgoblins
  4 jackals (D:1)
  7 quokkas
  6 ball pythons
  3 bats
  3 frilled lizards
  8 kobolds
  A quokka skeleton (D:4)
  6 rats
105 creatures vanquished.

Vanquished Creatures (others)
  A plant (D:4)
1 creature vanquished.

Grand Total: 106 creatures vanquished

Notes
Turn   | Place    | Note
-------+----------+-------------------------------------------
     0 | D:1      | Kazon the Minotaur Hunter began the quest for the Orb.
     0 | D:1      | Reached XP level 1. HP: 18/18 MP: 0/0
   203 | D:1      | Reached XP level 2. HP: 18/25 MP: 1/1
   372 | D:1      | Reached skill level 5 in Slings
   546 | D:1      | Reached skill level 1 in Short Blades
   571 | D:1      | Reached XP level 3. HP: 20/30 MP: 2/2
  1225 | D:2      | Reached skill level 1 in Armour
  1331 | D:2      | Noticed Natasha
  1339 | D:2      | Killed Natasha
  1340 | D:2      | Reached XP level 4. HP: 36/37 MP: 3/3
  1818 | D:3      | Reached skill level 1 in Stealth
  1865 | D:3      | Reached XP level 5. HP: 45/45 MP: 4/4
  2083 | D:3      | Found a shadowy altar of Dithmenos.
  2146 | D:3      | Found a faded altar of an unknown god.
  2436 | D:3      | Reached skill level 6 in Slings
  2494 | D:4      | Noticed Edmund
  2508 | D:4      | Killed Edmund
  2509 | D:4      | Reached skill level 1 in Maces & Flails
  2509 | D:4      | Reached XP level 6. HP: 13/52 MP: 5/5
  2787 | D:4      | Identified the +6 falchion of Floods {elec, rN++}
  2819 | D:4      | Noticed Menkaure
  2824 | D:4      | Killed Menkaure
  2839 | D:4      | Reached XP level 7. HP: 41/59 MP: 6/6
  2846 | D:4      | Found Iteneif's Jewellery Boutique.
  2907 | D:4      | Found a staircase to the Ecumenical Temple.
  2912 | Temple   | Entered the Ecumenical Temple
  2954 | Temple   | Became a worshipper of the Shining One
  3075 | D:4      | Reached skill level 1 in Long Blades
  3503 | D:4      | Reached skill level 1 in Throwing
  3506 | D:4      | Reached skill level 1 in Invocations
  3873 | D:5      | Entered Level 5 of the Dungeon
  3909 | D:5      | Identified the +7 short sword of Zisihuol {drain, rElec
                  | rN++ Str+3 Dex+2}
  4532 | D:6      | Reached * piety under the Shining One
  4567 | D:6      | Found a shimmering altar of Xom.
  4682 | D:6      | Reached XP level 8. HP: 41/66 MP: 8/8
  4721 | D:6      | Mangled by an orc warrior

Illustrated notes

Levels and vault maps discovered:
D:1:      lightli_arrival_quake, layout_loops_ring
D:2:      layout_loops_cross, minmay_misc_feat_roman, uniq_natasha
D:3:      layout_basic, general_overflow_altar,
          dreamdust_ecumenical_altar_statues
D:4:      layout_gridville, minmay_temple_entry_gardened_gates, serial_shops,
          nicolae_shop_crystal, uniq_edmund, uniq_menkaure
D:5:      layout_loops_ring
D:6:      layout_basic, amcnicky_altar_gilded, serial_shops,
          kennysheep_little_box, kennysheep_mini, shop
Temple:   mainiacjoe_temple_big_plus

Skill      XL: |  1  2  3  4  5  6  7 |
---------------+----------------------+-----
Slings         | 5 6 |  6.8
Short Blades   | 1 2 |  2.9
Armour         | 1 2 3 |  3.1
Fighting       | 3 4 |  4.3
Stealth        | 1 |  1.8
Maces & Flails | 1 2 |  2.9
Dodging        | 3 |  3.3
Long Blades    | 3 |  3.4
Throwing       | 1 |  1.7
Invocations    | 1 |  1.9

Action                   |  1- 3 |  4- 6 |  7- 9 || total
-------------------------+-------+-------+-------++-------
Melee: Short sword       |    99 |    12 |       ||   111
       Headbutt          |    14 |     8 |    11 ||    33
       Punch             |     3 |     2 |       ||     5
       Whip              |       |    28 |       ||    28
       Falchion          |       |     5 |    53 ||    58
 Fire: Hunting sling     |     9 |    42 |       ||    51
Throw: Stone             |       |    10 |    37 ||    47
Invok: Divine Shield     |       |       |     1 ||     1
 Stab: Sleeping          |       |     3 |       ||     3
Armor: Leather armour    |    28 |     8 |       ||    36
       Scale mail        |       |       |    22 ||    22
Dodge: Dodged            |    58 |    31 |    26 ||   115
